| TOP OF THE 1ST |
|
Los Angeles (NYP) Angels batting - Pitching for Staten Island Yankees : LHP Dustin Shaw
|
|
Pitching: LHP Dustin Shaw
|
|
|
Batting: RHB Nick Lombardo
|
0-0: Ground out 5-3 (Groundball, 56, EV 81.9 MPH)
|
|
Batting: RHB Khalil Thurston
|
0-0: Called Strike 0-1: Ball 1-1: Ground out U3 (Groundball, 34S, EV 66.2 MPH)
|
|
Batting: RHB Dean LeCroy
|
0-0: Called Strike 0-1: Ball 1-1: Ball 2-1: Ball 3-1: Fly out, F9 (Flyball, 9D, EV 104.4 MPH)
|
| Top of the 1st over - 0 runs, 0 hits, 0 errors, 0 left on base; Los Angeles (NYP) 0 - Staten Island 0 |
| BOTTOM OF THE 1ST |
|
Staten Island Yankees batting - Pitching for Los Angeles (NYP) Angels : RHP Chris Adams
|
|
Pitching: RHP Chris Adams
|
|
|
Batting: RHB Norimoto Miyanishi
|
0-0: Called Strike 0-1: Ground out 6-3 (Groundball, 56, EV 103.1 MPH)
|
|
Batting: RHB Edite Leoni
|
0-0: Foul Ball, location: 2F 0-1: Ball 1-1: Called Strike 1-2: Ball 2-2: Ball 3-2: Strikes out swinging
|
|
Batting: RHB Pat Pemberton
|
0-0: Called Strike 0-1: Ball 1-1: Ball 2-1: Swinging Strike 2-2: Ball 3-2: Foul Ball, location: 2F 3-2: Strikes out swinging
|
| Bottom of the 1st over - 0 runs, 0 hits, 0 errors, 0 left on base; Los Angeles (NYP) 0 - Staten Island 0 |
| TOP OF THE 2ND |
|
Los Angeles (NYP) Angels batting - Pitching for Staten Island Yankees : LHP Dustin Shaw
|
|
Batting: LHB Mutsuo IIda
|
0-0: Ball 1-0: Swinging Strike 1-1: Swinging Strike 1-2: Foul Ball, location: 2F 1-2: Ball 2-2: Fly out, F7 (Line Drive, 7LM, EV 88.8 MPH)
|
|
Batting: RHB Edward Hillock
|
0-0: Ball 1-0: Ball 2-0: Foul Ball, location: 2F 2-1: Called Strike 2-2: Ground out 5-3 (Groundball, 5, EV 83.1 MPH)
|
|
Batting: LHB Dave Hicks
|
0-0: Ball 1-0: Hit by Pitch
|
|
Pinch Runner at 1st David Rhodes:
|
|
|
Batting: SHB Tim Connell
|
0-0: Called Strike 0-1: SINGLE (Groundball, 56S, EV 71.2 MPH) (infield hit) David Rhodes to second
|
|
Batting: RHB Ron Major
|
0-0: Ball 1-0: Swinging Strike 1-1: Swinging Strike 1-2: Ball 2-2: Strikes out swinging
|
| Top of the 2nd over - 0 runs, 1 hit, 0 errors, 2 left on base; Los Angeles (NYP) 0 - Staten Island 0 |
| BOTTOM OF THE 2ND |
|
Staten Island Yankees batting - Pitching for Los Angeles (NYP) Angels : RHP Chris Adams
|
|
Now at 1B: David Rhodes
|
|
|
Batting: SHB Tadaaki Kondo
|
0-0: Ball 1-0: Foul Ball, location: 2F 1-1: Foul Ball, location: 2F 1-2: Foul Ball, location: 2F 1-2: Foul Ball, location: 2F 1-2: Strikes out swinging
|
|
Batting: RHB Brad Wren
|
0-0: Swinging Strike 0-1: Ball 1-1: Ball 2-1: DOUBLE (Groundball, 5L, EV 97.5 MPH)
|
|
Batting: RHB Matt Thompson
|
0-0: Called Strike 0-1: Ball 1-1: Ball 2-1: Ground out 5-3 (Groundball, 56, EV 91.2 MPH)
|
|
Batting: RHB Jesus Ruiz
|
0-0: Ball 1-0: Ball Wild Pitch! Brad Wren to third 2-0: Ground out 3-1 (Groundball, 34S, EV 65.6 MPH)
|
| Bottom of the 2nd over - 0 runs, 1 hit, 0 errors, 1 left on base; Los Angeles (NYP) 0 - Staten Island 0 |
| TOP OF THE 3RD |
|
Los Angeles (NYP) Angels batting - Pitching for Staten Island Yankees : LHP Dustin Shaw
|
|
Batting: SHB Yuya Hirata
|
0-0: Foul Ball, location: 2F 0-1: Called Strike 0-2: Ball 1-2: Foul Ball, location: 2F 1-2: Strikes out looking
|
|
Batting: RHB Nick Lombardo
|
0-0: Ball 1-0: Foul Ball, location: 2F 1-1: Ground out 3-1 (Groundball, 34S, EV 86.9 MPH)
|
|
Batting: RHB Khalil Thurston
|
0-0: Called Strike 0-1: Foul Ball, location: 2F 0-2: Ball 1-2: Foul Ball, location: 2F 1-2: Foul Ball, location: 2F 1-2: Foul Ball, location: 2F 1-2: Ground out 6-3 (Groundball, 6, EV 100.6 MPH)
|
| Top of the 3rd over - 0 runs, 0 hits, 0 errors, 0 left on base; Los Angeles (NYP) 0 - Staten Island 0 |
| BOTTOM OF THE 3RD |
|
Staten Island Yankees batting - Pitching for Los Angeles (NYP) Angels : RHP Chris Adams
|
|
Batting: RHB Danny Ayala
|
0-0: Swinging Strike 0-1: Swinging Strike 0-2: Ball 1-2: Ball 2-2: Ground out 3-1 (Groundball, 34D, EV 81.2 MPH)
|
|
Batting: LHB Danny de Leon
|
0-0: Called Strike 0-1: Swinging Strike 0-2: Strikes out swinging
|
|
Batting: RHB Norimoto Miyanishi
|
0-0: Ball 1-0: Called Strike 1-1: Ground out 6-3 (Groundball, 56, EV 104.4 MPH)
|
| Bottom of the 3rd over - 0 runs, 0 hits, 0 errors, 0 left on base; Los Angeles (NYP) 0 - Staten Island 0 |
| TOP OF THE 4TH |
|
Los Angeles (NYP) Angels batting - Pitching for Staten Island Yankees : LHP Dustin Shaw
|
|
Batting: RHB Dean LeCroy
|
0-0: Swinging Strike 0-1: Fly out, F8 (Flyball, 8RS, EV 90.6 MPH)
|
|
Batting: LHB Mutsuo IIda
|
0-0: Fly out, F9 (Flyball, 9D, EV 106.2 MPH)
|
|
Batting: RHB Edward Hillock
|
0-0: Called Strike 0-1: Ball 1-1: Ball 2-1: Ball 3-1: Base on Balls
|
|
Batting: RHB David Rhodes
|
0-0: Fly out, F8 (Flyball, 8LXD, EV 80.0 MPH)
|
| Top of the 4th over - 0 runs, 0 hits, 0 errors, 1 left on base; Los Angeles (NYP) 0 - Staten Island 0 |
| BOTTOM OF THE 4TH |
|
Staten Island Yankees batting - Pitching for Los Angeles (NYP) Angels : RHP Chris Adams
|
|
Batting: RHB Edite Leoni
|
0-0: Ball 1-0: SINGLE (Line Drive, 6M, EV 95.0 MPH)
|
|
Batting: RHB Pat Pemberton
|
0-0: Ball 1-0: Grounds into double play, 5-4-3 (Groundball, 56, EV 81.9 MPH)
|
|
Batting: SHB Tadaaki Kondo
|
0-0: Foul Ball, location: 2F 0-1: Foul Ball, location: 2F 0-2: Ball 1-2: Strikes out swinging
|
| Bottom of the 4th over - 0 runs, 1 hit, 0 errors, 0 left on base; Los Angeles (NYP) 0 - Staten Island 0 |
| TOP OF THE 5TH |
|
Los Angeles (NYP) Angels batting - Pitching for Staten Island Yankees : LHP Dustin Shaw
|
|
Batting: SHB Tim Connell
|
0-0: Ball 1-0: Called Strike 1-1: SINGLE (Groundball, 56D, EV 109.4 MPH)
|
|
Batting: RHB Ron Major
|
0-0: Foul Ball, location: 2F 0-1: Fielders Choice at 2nd, 6-4 (Groundball, 6, EV 108.8 MPH)
|
|
Batting: SHB Yuya Hirata
|
0-0: Ball 1-0: Called Strike 1-1: Foul Ball, location: 2F 1-2: Reached on error, E2 (Groundball, 2L, EV 71.9 MPH) Ron Major to second
|
|
Batting: RHB Nick Lombardo
|
0-0: Swinging Strike 0-1: Swinging Strike 0-2: Ball 1-2: Ball 2-2: Strikes out swinging
|
|
Batting: RHB Khalil Thurston
|
0-0: Foul Ball, location: 2F 0-1: Called Strike 0-2: Ball 1-2: Ball 2-2: Ball 3-2: SINGLE (Groundball, 56D, EV 95.0 MPH) Ron Major to third Yuya Hirata to second Ron Major scores Yuya Hirata to third
|
|
Batting: RHB Dean LeCroy
|
0-0: Ball 1-0: Foul Ball, location: 2F 1-1: Called Strike Khalil Thurston steals 2nd base 1-2: Reached on error, E6 (Groundball, 6, EV 90.0 MPH) Yuya Hirata scores Khalil Thurston to third
|
|
Batting: LHB Mutsuo IIda
|
0-0: Called Strike 0-1: Swinging Strike 0-2: Ball 1-2: Ball 2-2: Ball 3-2: Foul Ball, location: 2F 3-2: Strikes out swinging
|
| Top of the 5th over - 2 runs, 2 hits, 2 errors, 2 left on base; Los Angeles (NYP) 2 - Staten Island 0 |
| BOTTOM OF THE 5TH |
|
Staten Island Yankees batting - Pitching for Los Angeles (NYP) Angels : RHP Chris Adams
|
|
Batting: RHB Brad Wren
|
0-0: Ground out 6-3 (Groundball, 6, EV 83.8 MPH)
|
|
Batting: RHB Matt Thompson
|
0-0: Called Strike 0-1: SINGLE (Groundball, 6MD, EV 98.8 MPH)
|
|
Batting: RHB Jesus Ruiz
|
0-0: Ball 1-0: Fly out, F7 (Flyball, 7, EV 93.8 MPH)
|
|
Batting: RHB Danny Ayala
|
0-0: Called Strike 0-1: Ground out 1-3 (Groundball, 34S, EV 70.0 MPH)
|
| Bottom of the 5th over - 0 runs, 1 hit, 0 errors, 1 left on base; Los Angeles (NYP) 2 - Staten Island 0 |
| TOP OF THE 6TH |
|
Los Angeles (NYP) Angels batting - Pitching for Staten Island Yankees : LHP Dustin Shaw
|
|
Pitching: LHP Colin Scott
|
|
|
Batting: RHB Edward Hillock
|
0-0: SINGLE (Groundball, 56, EV 101.2 MPH)
|
|
Batting: RHB David Rhodes
|
0-0: Foul Ball, location: 2F 0-1: Ball 1-1: Swinging Strike 1-2: Strikes out swinging
|
|
Batting: SHB Tim Connell
|
0-0: Called Strike 0-1: Called Strike 0-2: Ball 1-2: Ball 2-2: Strikes out swinging
|
|
Batting: RHB Ron Major
|
0-0: Called Strike 0-1: SINGLE (Groundball, 6MD, EV 102.5 MPH) Edward Hillock to second Runner from 2nd tries for 3rd, SAFE, throw by CF made at trailing runner, OUT! 8-4
|
| Top of the 6th over - 0 runs, 2 hits, 0 errors, 1 left on base; Los Angeles (NYP) 2 - Staten Island 0 |
| BOTTOM OF THE 6TH |
|
Staten Island Yankees batting - Pitching for Los Angeles (NYP) Angels : RHP Chris Adams
|
|
Batting: LHB Danny de Leon
|
0-0: Ball 1-0: Ball 2-0: Foul Ball, location: 2F 2-1: Ball 3-1: Reached on error, E4 (Groundball, 4D, EV 100.6 MPH)
|
|
Pinch Hitting: LHB Dario Segura
|
0-0: Grounds into double play, 4-6-3 (Groundball, 4S, EV 88.8 MPH)
|
|
Batting: RHB Edite Leoni
|
0-0: Ball 1-0: SINGLE (Groundball, 6D, EV 98.8 MPH)
|
|
Batting: RHB Pat Pemberton
|
0-0: Ball 1-0: Ball 2-0: Ball 3-0: Base on Balls Edite Leoni to second
|
|
Batting: SHB Tadaaki Kondo
|
0-0: Ball 1-0: Foul Ball, location: 2F 1-1: Ball 2-1: Ball 3-1: Base on Balls Edite Leoni to third Pat Pemberton to second
|
|
Batting: RHB Brad Wren
|
0-0: Ball 1-0: Ball 2-0: Foul Ball, location: 2F 2-1: Fly out, F8 (Flyball, 8RD, EV 81.2 MPH)
|
| Bottom of the 6th over - 0 runs, 1 hit, 1 error, 3 left on base; Los Angeles (NYP) 2 - Staten Island 0 |
| TOP OF THE 7TH |
|
Los Angeles (NYP) Angels batting - Pitching for Staten Island Yankees : LHP Colin Scott
|
|
Now in CF: Mike Schermerhorn
|
|
|
Batting: SHB Yuya Hirata
|
0-0: Called Strike 0-1: Ball 1-1: Ball 2-1: Ball 3-1: Foul Ball, location: 2F 3-2: SINGLE (Groundball, 6D, EV 103.1 MPH)
|
|
Pitching: RHP Nick Peters
|
|
|
Batting: RHB Nick Lombardo
|
0-0: Foul Ball, location: 2F 0-1: Ball Wild Pitch! Yuya Hirata to second 1-1: Ball 2-1: SINGLE (Line Drive, 6MD, EV 98.8 MPH) Yuya Hirata to third
|
|
Batting: RHB Khalil Thurston
|
0-0: Called Strike 0-1: Called Strike Nick Lombardo is caught stealing 2nd base 2-4 0-2: Ball 1-2: Ball 2-2: Foul Ball, location: 2F 2-2: SINGLE (Groundball, 56, EV 95.0 MPH) Yuya Hirata scores
|
|
Batting: RHB Dean LeCroy
|
0-0: Called Strike 0-1: Ball 1-1: Ball 2-1: Foul Ball, location: 2F 2-2: Ball 3-2: Single, Error in OF, E8, batter to second base (Groundball, 6MD, EV 101.2 MPH) Khalil Thurston to third
|
|
Batting: LHB Mutsuo IIda
|
0-0: Intentional Walk
|
|
Batting: RHB Edward Hillock
|
0-0: Ball 1-0: Called Strike 1-1: Ball 2-1: Swinging Strike 2-2: Ball 3-2: Strikes out swinging
|
|
Pitching: RHP Nate LaCava
|
|
|
Batting: RHB David Rhodes
|
0-0: DOUBLE (Line Drive, 89D, EV 100.6 MPH) Khalil Thurston scores Dean LeCroy scores Mutsuo IIda to third Runner from 3rd tries for Home, SAFE, throw by RF to trailing runner, SAFE at third!
|
|
Batting: SHB Tim Connell
|
0-0: Called Strike 0-1: Ball 1-1: Ball 2-1: 2-RUN HOME RUN (Flyball, 9LD, EV 96.9 MPH), Distance : 331 ft
|
|
Batting: RHB Ron Major
|
0-0: Foul Ball, location: 2F 0-1: SINGLE (Groundball, 4MD, EV 103.8 MPH)
|
|
Batting: SHB Yuya Hirata
|
0-0: Foul Ball, location: 2F 0-1: Foul Ball, location: 2F 0-2: Ball 1-2: SINGLE (Groundball, 4MD, EV 96.9 MPH) Ron Major to second
|
|
Batting: RHB Nick Lombardo
|
0-0: Foul Ball, location: 2F 0-1: Ball 1-1: Foul Ball, location: 2F 1-2: Strikes out swinging
|
| Top of the 7th over - 6 runs, 8 hits, 1 error, 2 left on base; Los Angeles (NYP) 8 - Staten Island 0 |
| BOTTOM OF THE 7TH |
|
Staten Island Yankees batting - Pitching for Los Angeles (NYP) Angels : RHP Chris Adams
|
|
Pinch Hitting: RHB Mario Velazquez
|
0-0: Swinging Strike 0-1: DOUBLE (Groundball, 5L, EV 97.5 MPH)
|
|
Pitching: RHP Adam Hefner
|
|
|
Batting: RHB Jesus Ruiz
|
0-0: Called Strike 0-1: Swinging Strike 0-2: Foul Ball, location: 2F 0-2: Ball 1-2: Ball 2-2: Strikes out swinging
|
|
Batting: RHB Danny Ayala
|
0-0: Ball 1-0: Foul Ball, location: 2F 1-1: Ball 2-1: Swinging Strike 2-2: Ball 3-2: Strikes out swinging
|
|
Batting: LHB Danny de Leon
|
0-0: Called Strike 0-1: Called Strike 0-2: Ball 1-2: Strikes out looking
|
| Bottom of the 7th over - 0 runs, 1 hit, 0 errors, 1 left on base; Los Angeles (NYP) 8 - Staten Island 0 |
| TOP OF THE 8TH |
|
Los Angeles (NYP) Angels batting - Pitching for Staten Island Yankees : RHP Nate LaCava
|
|
Now in LF: Mario Velazquez
|
|
|
Batting: RHB Khalil Thurston
|
0-0: Ground out 4-3 (Groundball, 4, EV 103.8 MPH)
|
|
Batting: RHB Dean LeCroy
|
0-0: Called Strike 0-1: Ball 1-1: Ball 2-1: Ball 3-1: Foul Ball, location: 2F 3-2: Base on Balls
|
|
Batting: LHB Mutsuo IIda
|
0-0: Ball 1-0: Ball 2-0: Ball 3-0: Called Strike 3-1: Base on Balls Dean LeCroy to second
|
|
Batting: RHB Edward Hillock
|
0-0: Ball 1-0: Ball 2-0: Swinging Strike 2-1: Foul Ball, location: 2F 2-2: Strikes out swinging
|
|
Batting: RHB David Rhodes
|
0-0: Ball 1-0: Ground out 5-3 (Groundball, 5S, EV 91.9 MPH)
|
| Top of the 8th over - 0 runs, 0 hits, 0 errors, 2 left on base; Los Angeles (NYP) 8 - Staten Island 0 |
| BOTTOM OF THE 8TH |
|
Staten Island Yankees batting - Pitching for Los Angeles (NYP) Angels : RHP Adam Hefner
|
|
Batting: LHB Mike Schermerhorn
|
0-0: Ground out 4-3 (Groundball, 4, EV 86.9 MPH)
|
|
Batting: RHB Edite Leoni
|
0-0: SINGLE (Groundball, 6, EV 100.6 MPH)
|
|
Batting: RHB Pat Pemberton
|
0-0: Ball 1-0: Swinging Strike 1-1: Grounds into double play, 6-4-3 (Groundball, 6, EV 90.6 MPH)
|
| Bottom of the 8th over - 0 runs, 1 hit, 0 errors, 0 left on base; Los Angeles (NYP) 8 - Staten Island 0 |
| TOP OF THE 9TH |
|
Los Angeles (NYP) Angels batting - Pitching for Staten Island Yankees : RHP Nate LaCava
|
|
Batting: SHB Tim Connell
|
0-0: Ball 1-0: Fly out, F9 (Flyball, 9, EV 85.6 MPH)
|
|
Batting: RHB Ron Major
|
0-0: Ball 1-0: SINGLE (Flyball, 5D, EV 93.1 MPH)
|
|
Batting: SHB Yuya Hirata
|
0-0: Ball 1-0: Ball 2-0: Swinging Strike 2-1: Ball 3-1: Foul Ball, location: 2F 3-2: Base on Balls Ron Major to second
|
|
Batting: RHB Nick Lombardo
|
0-0: Called Strike 0-1: Swinging Strike 0-2: Foul Ball, location: 2F 0-2: Ball 1-2: Ball 2-2: Foul Ball, location: 2F 2-2: Ball 3-2: SINGLE (Line Drive, 89M, EV 98.8 MPH) Ron Major to third Yuya Hirata to second
|
|
Batting: RHB Khalil Thurston
|
0-0: Ball 1-0: Called Strike 1-1: Ball 2-1: Foul Ball, location: 2F 2-2: Ball 3-2: Base on Balls Ron Major scores Yuya Hirata to third Nick Lombardo to second
|
|
Batting: RHB Dean LeCroy
|
0-0: Called Strike 0-1: Ball 1-1: Ball 2-1: Ball 3-1: Base on Balls Yuya Hirata scores Nick Lombardo to third Khalil Thurston to second
|
|
Pitching: RHP Francisco Rosado
|
|
|
Batting: LHB Mutsuo IIda
|
0-0: Ball 1-0: Foul Ball, location: 2F 1-1: Ball 2-1: Grounds into double play, 4-6-3 (Groundball, 4, EV 99.4 MPH)
|
| Top of the 9th over - 2 runs, 2 hits, 0 errors, 2 left on base; Los Angeles (NYP) 10 - Staten Island 0 |
| BOTTOM OF THE 9TH |
|
Staten Island Yankees batting - Pitching for Los Angeles (NYP) Angels : RHP Adam Hefner
|
|
Batting: SHB Tadaaki Kondo
|
0-0: Foul Ball, location: 2F 0-1: Swinging Strike 0-2: Ball 1-2: Strikes out swinging
|
|
Batting: RHB Brad Wren
|
0-0: Called Strike 0-1: Swinging Strike 0-2: Ball 1-2: Strikes out swinging
|
|
Batting: RHB Mario Velazquez
|
0-0: Ball 1-0: Ball 2-0: Ball 3-0: Base on Balls
|
|
Batting: RHB Jesus Ruiz
|
0-0: Foul Ball, location: 2F 0-1: Ball 1-1: Swinging Strike 1-2: Ball 2-2: Ball 3-2: Ground out 5-3 (Groundball, 56S, EV 84.4 MPH)
|
| Bottom of the 9th over - 0 runs, 0 hits, 0 errors, 1 left on base; Los Angeles (NYP) 10 - Staten Island 0 |
|